Map: Disco Bloodbath LE

Players

Basset - Winner!

  • Race: Zerg Zerg
  • League: Grandmaster
  • Spawn Location: 3:00

llllllllllll

  • Race: Terran Terran
  • League: Grandmaster
  • Spawn Location: 9:00

VOD

Have the link to the VOD?

Description

Time

  • Played on: Oct. 1, 2019, 4:26 a.m.
  • Length: 6:10
Show
View Real Time Build Order
Export as new Build Order

Basset Zerg - Winner!

Build Orders: Hatch First 

Get SALT Encoding   

  12  0:01  Drone  
  13  0:12  Overlord  
  13  0:17  Drone  
  14  0:31  Drone x2  
  16  0:49  Hatchery  
  15  0:52  Drone  
  15  0:55  Drone  
  17  0:57  Drone  
  18  1:09  Extractor  
  17  1:13  Spawning Pool  
  17  1:16  Drone  
  17  1:20  Drone  
  18  1:28  Drone  
  19  1:39  Drone  
  20  1:50  Overlord  
  20  2:01  Zergling x4  
  20  2:02  Queen x2  
  26  2:09  Metabolic Boost  
  26  2:11  Drone  
  26  2:14  Drone  
  28  2:23  Drone x2  
  30  2:35  Hatchery  
  29  2:38  Drone  
  29  2:41  Drone  
  31  2:45  Overlord  
  31  2:47  Drone  
  32  2:54  Queen  
  34  2:58  Drone  
  34  2:59  Drone  
  34  3:05  Drone  
  37  3:09  Zergling x2  
  37  3:10  Zergling x6  
  39  3:18  Queen  
  39  3:19  Overlord  
  41  3:22  Zergling x2  
  42  3:27  Drone  
  42  3:31  Drone  
  44  3:35  Extractor  
  44  3:37  Roach Warren  
  44  3:39  Drone x2  
  44  3:44  Drone x2  
  44  3:45  Drone  
  47  3:56  Overlord x2  
  47  4:00  Overlord  
  46  4:20  Roach x5  
  46  4:21  Roach x4, Zergling x2  
  62  4:25  Zergling x2  
  62  4:26  Zergling x2  
  62  4:27  Zergling x2  
  62  4:29  Zergling x2  
  66  4:32  Zergling x4  
  66  4:35  Zergling x2  
  66  4:37  Zergling x2  
  66  4:38  Zergling x2  
  71  4:42  Overlord  
  71  4:45  Zergling x2  
  72  4:47  Overlord  
  72  4:53  Overlord, Zergling x2  
  73  5:05  Ravager x2  
  73  5:06  Ravager  
  75  5:07  Zergling x4  
  75  5:08  Zergling x8  
  75  5:12  Zergling x6  
  84  5:17  Zergling x6  
  84  5:19  Ravager  
  84  5:20  Zergling x2  
  87  5:22  Zergling x2  
  87  5:24  Zergling x2  
  87  5:26  Zergling x2  
  87  5:27  Zergling x2  
  81  5:29  Zergling x2  
  81  5:31  Zergling x2  
  81  5:32  Ravager  
  81  5:34  Zergling x2  
  82  5:35  Zergling x2  
  82  5:37  Zergling x2  
  82  5:39  Zergling x2  
  82  5:41  Zergling x2  
  84  5:43  Zergling x2  
  84  5:44  Zergling x2  
  84  5:45  Zergling x2  
  84  5:48  Ravager  
  84  5:49  Zergling x2  
  86  5:51  Zergling x2  
  86  5:53  Zergling x2  
Show
View Real Time Build Order
Export as new Build Order

llllllllllll Terran 

Build Orders: 2 Factory, Hellion Opening 

Get SALT Encoding   

  12  0:00  SCV  
  13  0:13  SCV  
  14  0:16  Supply Depot  
  14  0:25  SCV  
  14  0:27  Refinery  
  15  0:38  SCV  
  16  0:44  Barracks  
  16  0:50  SCV  
  17  1:02  SCV  
  18  1:14  SCV  
  19  1:32  Orbital Command, Factory  
  19  1:46  Barracks Reactor  
  19  1:51  Command Center  
  19  1:59  SCV  
  20  2:03  Supply Depot  
  20  2:11  SCV  
  21  2:26  Hellion x2  
  25  2:33  Supply Depot  
  25  2:35  Factory  
  25  2:39  SCV  
  26  2:47  Hellion x2  
  26  2:48  Barracks Tech Lab  
  30  2:51  SCV  
  30  2:56  Refinery  
  31  3:04  SCV  
  32  3:06  Orbital Command  
  32  3:16  SCV  
  33  3:26  Cyclone  
  36  3:28  SCV  
  36  3:29  Hellion x2  
  41  3:34  SCV  
  36  3:43  Infernal Pre-Igniter  
  36  3:45  SCV  
  36  3:46  SCV  
  36  3:56  Hellion x2  
  36  3:57  Supply Depot, SCV  
  36  4:01  SCV  
  42  4:09  SCV  
  40  4:23  SCV  
  40  4:24  Supply Depot, SCV, Cyclone  
  42  4:25  Hellion x2  
  49  4:35  SCV  
  49  4:36  SCV  
  51  4:46  Hellion x2  
  51  4:49  SCV  
  51  4:50  Supply Depot  
  51  4:51  SCV  
  57  4:56  Supply Depot, Cyclone  
  60  5:01  SCV  
  60  5:05  SCV  
  62  5:11  Hellion x2  
  62  5:13  SCV  
  60  5:28  Cyclone  
  60  5:31  SCV  
  60  5:32  Hellion x2  
Tags
 
Add a new tag
Caveats
  • Supply blocks, unpowered buildings, or Contaminate may cause inaccurate times.
  • Supply counts are checked every 10 seconds.